 Dungeon Crawl Stone Soup version 0.23.1 (webtiles) character file.

Game seed: 15912785484865084355

2357 esteth the Cleaver (level 9, -5/75 HPs)
             Began as a Minotaur Fighter on Mar 9, 2019.
             Was a Priest of Makhleb.
             Slain by a troll (9 damage)
             ... on level 8 of the Dungeon.
             The game lasted 00:11:26 (5455 turns).

esteth the Cleaver (Minotaur Fighter)               Turns: 5455, Time: 00:11:27

Health: -5/75      AC:  9    Str: 26    XL:     9   Next: 20%
Magic:  12/12      EV:  7    Int:  5    God:    Makhleb [***...]
Gold:   411        SH: 10    Dex: 13    Spells: 8/8 levels left

rFire    . . .     SeeInvis .   a - +1 war axe
rCold    . . .     Gourm    .   c - +0 shield
rNeg     . . .     Faith    .   b - +0 scale mail
rPois    .         Spirit   .   (helmet restricted)
rElec    .         Reflect  .   (no cloak)
rCorr    .         Harm     .   (no gloves)
MR       .....                  p - +1 pair of boots
Stlth    ..........             n - amulet of regeneration
HPRegen  0.62/turn              (no ring)
MPRegen  0.13/turn              (no ring)

@: mighty
A: retaliatory headbutt, horns 2
a: Minor Destruction, Lesser Servant of Makhleb, Renounce Religion


You were on level 8 of the Dungeon.
You worshipped Makhleb.
Makhleb was most pleased with you.
You were not hungry.

You visited 1 branch of the dungeon, and saw 8 of its levels.
You also visited: Sewer.

You collected 411 gold pieces.

Inventory:

Hand Weapons
 a - a +1 war axe (weapon)
 u - a +1 hand axe of flaming
Armour
 b - a +0 scale mail (worn)
 c - a +0 shield (worn)
 p - a +1 pair of boots (worn)
 F - the +3 robe of Folly {Archmagi, MR-- Int+5}
   (You found it on level 7 of the Dungeon)

   It affects your intelligence (+5).
   It affects your resistance to hostile enchantments.
Jewellery
 n - an amulet of regeneration (around neck)
Wands
 g - a wand of flame (34)
 k - a wand of random effects (21)
 v - a wand of paralysis (5)
 x - a wand of disintegration (15)
 G - a wand of polymorph (10)
Scrolls
 e - a scroll of magic mapping
 h - 9 scrolls of identify
 i - 2 scrolls of teleportation
 j - 3 scrolls of remove curse
 o - a scroll of enchant weapon
 r - 2 scrolls of enchant armour
 y - a scroll of amnesia {unknown}
 B - a scroll of random uselessness {unknown}
 D - a scroll of summoning {unknown}
Potions
 l - a potion of lignification {unknown}
 m - 2 potions of degeneration {unknown}
 q - 5 potions of curing {unknown}
 s - 6 potions of heal wounds {unknown}
 t - 6 potions of agility {unknown}
 w - a potion of mutation {unknown}
 z - 4 potions of flight {unknown}
 A - 2 potions of brilliance {unknown}
 E - a potion of cancellation {unknown}
 H - a potion of berserk rage {unknown}
Comestibles
 f - 17 rations
 C - 12 chunks of flesh


   Skills:
 - Level 5.9 Fighting
 + Level 11.5 Axes
 - Level 3.6 Armour
 - Level 4.0 Shields
 + Level 5.8 Evocations


You had 8 spell levels left.
You didn't know any spells.
Your spell library was empty.

Dungeon Overview and Level Annotations

Branches:
Dungeon (8/15)             Temple (0/1) D:6
   Lair: D:8-11

Altars:
Cheibriados
Elyvilon
Makhleb
Nemelex Xobeh
Okawaru
Ru
Trog
Xom

Annotations:
D:4 2 transporters, esteth's ghost, amateur OgTm
D:5 2 transporters, bmj180's ghost, novice TrMo


Innate Abilities, Weirdness & Mutations

You reflexively headbutt those who attack you in melee.
You have a pair of horns on your head.


Message History

The troll is heavily wounded.
The troll bites you.
* * * LOW HITPOINT WARNING * * *
The troll claws you!
* * * LOW HITPOINT WARNING * * *
The troll closely misses you.
The water moccasin skeleton bites your orange demon.
Your orange demon stings the water moccasin skeleton.
Your orange demon hits the water moccasin skeleton!
You feel very mighty all of a sudden. The troll bites you.
* * * LOW HITPOINT WARNING * * *
The troll closely misses you. The troll claws you but does no damage.
The water moccasin skeleton bites your orange demon but does no damage.
Your orange demon stings the water moccasin skeleton.
Your orange demon hits the water moccasin skeleton!
You closely miss the troll.
The troll is severely wounded.
The troll bites you!
You die...

...........)).........
.........................
.........................
........######.........#
........## #...###..#
......#..## #..###...#
.....###..####.####..#
....# ##...#..###...#
...# #......@T4Z..# . ...
#...#..##.....##.... ..
#..#..######........
#..#..# #........
#......# #........
........# #........
..####..## #........ ..
##. ......... .........


You could see a troll, a water moccasin skeleton and a friendly orange demon.

Vanquished Creatures
  3 ogres
  A phantom (D:7)
  3 centaurs
  2 big kobolds
  3 bullfrogs (D:7)
  A wyvern skeleton (D:8)
  A scorpion (D:7)
  4 wights (D:7)
  2 crimson imps
  A quasit (D:3)
  2 hounds
  3 orc priests
  2 bullfrog skeletons
  A jelly (D:7)
  Ijyb (D:3)
  6 orc wizards
  2 iguanas (D:5)
  Natasha (thrice) (D:3)
  Terence (D:3)
  5 worker ants
  A hound skeleton (D:5)
  2 worker ant zombies (D:5)
  15 adders
  7 river rats
  A shadow imp (D:7)
  An ooze (D:1)
  An adder skeleton (D:7)
  2 worms
  3 leopard geckos
  25 orcs
  10 bats
  7 giant cockroaches
  10 hobgoblins
  9 jackals
  7 ball pythons
  6 frilled lizards
  6 goblins
  27 kobolds
  A quokka zombie (D:6)
  25 rats
213 creatures vanquished.

Notes
Turn   | Place    | Note
-------+----------+-------------------------------------------
     0 | D:1      | esteth the Minotaur Fighter began the quest for the Orb.
     0 | D:1      | Reached XP level 1. HP: 19/19 MP: 0/0
    47 | D:1      | Reached XP level 2. HP: 27/27 MP: 1/1
   401 | D:1      | Reached skill level 3 in Axes
   656 | D:2      | Reached XP level 3. HP: 33/33 MP: 2/2
  1165 | D:2      | Found an iron altar of Okawaru.
  1165 | D:2      | Found a sacrificial altar of Ru.
  1172 | D:2      | Reached XP level 4. HP: 41/41 MP: 3/3
  1177 | D:2      | Reached skill level 4 in Axes
  1314 | D:3      | Reached skill level 5 in Fighting
  1347 | D:3      | Noticed Natasha
  1352 | D:3      | Killed Natasha
  1490 | D:3      | Reached XP level 5. HP: 48/48 MP: 4/4
  1524 | D:3      | Noticed Natasha
  1529 | D:3      | Killed Natasha
  1573 | D:3      | Reached skill level 5 in Axes
  1699 | D:3      | Noticed Terence
  1713 | D:3      | Killed Terence
  1798 | D:3      | Noticed Ijyb
  1805 | D:3      | Killed Ijyb
  1962 | D:3      | Noticed Natasha
  1974 | D:3      | Killed Natasha
  1974 | D:3      | Reached XP level 6. HP: 39/57 MP: 5/5
  2012 | D:4      | Found a snail-covered altar of Cheibriados.
  2030 | D:4      | Found a burning altar of Makhleb.
  2043 | D:4      | Became a worshipper of Makhleb the Destroyer
  2105 | D:4      | Reached skill level 6 in Axes
  2364 | D:4      | Noticed esteth's ghost (amateur OgTm)
  2365 | D:4      | Found a transporter.
  2367 | D:4      | Found a transporter.
  2392 | D:4      | Found a bloodstained altar of Trog.
  2706 | D:5      | Entered Level 5 of the Dungeon
  2738 | D:5      | Found a glowing drain.
  2743 | D:5      | Reached skill level 7 in Axes
  2769 | D:5      | Reached XP level 7. HP: 49/62 MP: 6/6
  2791 | Sewer    | Entered a sewer
  2809 | Sewer    | Reached * piety under Makhleb
  2832 | Sewer    | Reached skill level 8 in Axes
  3013 | Sewer    | Reached ** piety under Makhleb
  3380 | D:5      | Reached skill level 9 in Axes
  3380 | D:5      | Reached skill level 1 in Evocations
  3460 | D:5      | Found a transporter.
  3463 | D:5      | Noticed bmj180's ghost (novice TrMo)
  3480 | D:5      | Got a transparent leather armour
  3481 | D:5      | Identified the cursed +0 leather armour of the Pits of
                  | Slime {*Corrode rElec rF++} (You found it on level 5 of the
                  | Dungeon)
  3593 | D:5      | Found a white marble altar of Elyvilon.
  3646 | D:5      | Reached XP level 8. HP: 42/70 MP: 8/8
  3847 | D:5      | Reached *** piety under Makhleb
  3861 | D:5      | Found a transporter.
  4347 | D:6      | Found a shimmering altar of Xom.
  4484 | D:6      | Found a staircase to the Ecumenical Temple.
  4610 | D:6      | Reached skill level 10 in Axes
  4892 | D:7      | Found the +3 robe of Folly {Archmagi, MR-- Int+5}
  5099 | D:7      | Found a sparkling altar of Nemelex Xobeh.
  5156 | D:7      | Reached skill level 11 in Axes
  5156 | D:7      | Reached skill level 5 in Evocations
  5179 | D:7      | Reached XP level 9. HP: 70/75 MP: 11/11
  5410 | D:8      | Reached **** piety under Makhleb
  5438 | D:8      | Noticed a troll
  5454 | D:8      | HP: 3/75 [troll (6)]
  5455 | D:8      | Slain by a troll

Skill      XL: |  1  2  3  4  5  6  7  8 |
---------------+-------------------------+-----
Fighting       | 4 5 |  5.9
Shields        | 4 |  4.0
Axes           | 3 4 5 7 9 11 | 11.5
Evocations     | 2 5 |  5.8
Armour         | |  3.6

Action                   |  1- 3 |  4- 6 |  7- 9 || total
-------------------------+-------+-------+-------++-------
Melee: War axe           |    90 |   189 |   248 ||   527
       Headbutt          |    14 |    28 |    44 ||    86
Invok: Lesser Servant of |       |       |     1 ||     1
  Use: Scroll            |     1 |     9 |     1 ||    11
       Potion            |       |       |     1 ||     1
  Eat: Chunk             |     1 |     5 |     9 ||    15
Armor: Scale mail        |    57 |   139 |   111 ||   307
Dodge: Dodged            |    25 |    81 |    95 ||   201
Block: Shield            |    54 |   123 |   135 ||   312
